 Dungeon Crawl Stone Soup version 0.27.1-33-g824d729ab1 (webtiles) character file.

Game seed: 6250083165253368177

36 jlumianski the Skirmisher (level 3, 0/23 HPs)
             Began as a Gargoyle Monk on Dec 10, 2021.
             Slain by Jessica (3 damage)
             ... on level 2 of the Dungeon.
             The game lasted 00:05:24 (1770 turns).

jlumianski the Skirmisher (Gargoyle Monk)           Turns: 1770, Time: 00:05:25

Health: 0/23       AC:  6    Str: 15    XL:     3   Next: 37%
Magic:  3/3        EV: 12    Int: 10    God:
Gold:   66         SH:  0    Dex: 12    Spells: 1/2 levels left

rFire    + . .     SeeInvis .   a - +0 hand axe
rCold    + . .     Faith    .   (no shield)
rNeg     + . .     Spirit   .   m - +0 leather armour
rPois    ∞         Reflect  .   (no helmet)
rElec    +         Harm     .   j - scarf {rC+ rF+}
rCorr    .         Rampage  .   (no gloves)
Will     .....                  (no boots)
Stlth    ++........             (no amulet)
HPRegen  0.07/turn              (no ring)
MPRegen  0.08/turn              (no ring)

@: no status effects
A: sickness immunity, AC +3, negative energy resistance 1, electricity
resistance, torment resistance 1, petrification resistance
a: no special abilities


You were on level 2 of the Dungeon.
You visited 1 branch of the dungeon, and saw 3 of its levels.

You collected 66 gold pieces.

Inventory:

Hand Weapons
 a - a +0 hand axe (weapon)
 g - a +0 hunting sling
Missiles
 c - 4 stones (quivered)
 f - 70 sling bullets
Armour
 b - a +0 robe
 j - a scarf of resistance (worn)
 m - a +0 leather armour (worn)
Wands
 l - a wand of polymorph (7)
Scrolls
 d - 2 scrolls of teleportation {unknown}
 e - a scroll of noise {unknown}
 h - a scroll of identify {unknown}
Potions
 i - a potion of heal wounds {unknown}
 k - a potion of haste {unknown}


   Skills:
 + Level 3.5 Fighting
 + Level 3.2 Axes
 + Level 2.8 Dodging
 + Level 2.2 Stealth
 * Level 0.3 Ice Magic


You had one spell level left.
You knew the following spells:

 Your Spells              Type           Power      Damage    Failure   Level
a - Freeze                Ice            0%         1d3       38%         1

Your spell library contained the following spells:

 Spells                   Type           Power      Damage    Failure   Level
 Frozen Ramparts          Ice            0%         1d2       77%         3
 Conjure Flame            Conj/Fire      0%         6-21      80%         3
 Ignite Poison            Fire/Tmut/Pois 0%         N/A       80%         3
 Hailstorm                Conj/Ice       0%         3d3       99%         4
 Sticky Flame             Conj/Fire      0%         2d3       99%         4


Dungeon Overview and Level Annotations

Branches:
Dungeon (3/15)

Altars:

Annotations:
D:2 Jessica


Innate Abilities, Weirdness & Mutations

You are immune to sickness and miasma.
Your stone body is resilient. (AC +3)
You are immune to poison.
You resist negative energy. (rN+)
You are resistant to electric shocks. (rElec)
You are resistant to unholy torment.
You are immune to petrification.


Message History

The bat closely misses you. The bat hits you but does no damage.
Jessica misses you.
You hit Jessica but do no damage. You closely miss the bat. The bat hits you.
Jessica barely misses you.
You barely miss Jessica. The bat hits you but does no damage.
Jessica hits you but does no damage.
You hit Jessica.
Jessica is heavily wounded.
Jessica barely misses you. The bat hits you. Jessica misses you.
You hit Jessica but do no damage.
Jessica is heavily wounded.
You closely miss the bat. The bat barely misses you.
Jessica mumbles some strange words.
Jessica blinks!
The bat hits you but does no damage. Jessica gestures at you while chanting.
Pain shoots through your body!
* * * LOW HITPOINT WARNING * * *
You see here a Young Poisoner's Handbook.
The bat completely misses you.
Okay, then.
Unknown command.
Unknown command.
You hit Jessica but do no damage.
Jessica is heavily wounded.
The bat hits you but does no damage.
Jessica gestures wildly while chanting.
Jessica seems to speed up.
You hit Jessica.
Jessica is severely wounded.
The bat hits you but does no damage.
Jessica drinks a potion.
Jessica is healed!
Jessica barely misses you.
You completely miss Jessica. The bat hits you but does no damage.
Jessica hits you with a +0 dagger of holy wrath.
* * * LOW HITPOINT WARNING * * *
You hit Jessica.
Jessica is severely wounded.
The bat closely misses you. Jessica closely misses you.
Jessica hits you with a +0 dagger of holy wrath.
You die...

..≈≈≈§#.#≈≈≈≈...
...§≈≈#.#≈§≈..#
.....≈#.#≈§..#
#....§§$#
##..(...##
#....†..#
#.......#######
#.....$.......#
#######.>.:@@.+
##..b...#
#......#
########


You could see Jessica (fast) and a bat.

Vanquished Creatures
  An adder (D:1)
  3 endoplasms (D:1)
  3 giant cockroaches
  2 goblins
  5 hobgoblins (D:1)
  2 quokkas (D:2)
  3 ball pythons
  A bat (D:2)
  2 kobolds (D:1)
  A rat (D:1)
23 creatures vanquished.

Notes
Turn   | Place    | Note
-------+----------+-------------------------------------------
     0 | D:1      | jlumianski the Gargoyle Monk began the quest for the Orb.
     0 | D:1      | Reached XP level 1. HP: 14/14 MP: 1/1
   292 | D:1      | Reached XP level 2. HP: 9/19 MP: 2/2
   465 | D:1      | Learned a level 1 spell: Freeze
   966 | D:1      | Reached XP level 3. HP: 5/23 MP: 3/3
  1748 | D:2      | Noticed Jessica
  1770 | D:2      | Slain by Jessica

Illustrated notes

Levels and vault maps discovered:
D:1:      onia_arrival_mini_maze_b, layout_basic, ebering_ecumenical_altar_rust
D:2:      layout_basic, grunt_decor_junction, hangedman_decor_slide_cut,
          uniq_jessica
D:3:      layout_basic, nicolae_elyvilon_peaceful_grove,
          mainiacjoe_overflow_six_doors_small, minmay_misc_feat_square,
          minmay_box_of_dots

Skill      XL: |  1 |
---------------+----+-----
Axes           | 3 |  3.2
Fighting       | |  3.5
Dodging        | |  2.8
Stealth        | |  2.2
Ice Magic      | |  0.3

Action                   || total
-------------------------++-------
Melee: Hand axe          ||   110
 Stab: Sleeping          ||     2
Armor: Robe              ||    28
       Leather armour    ||    13
Dodge: Dodged            ||    91
